[Event "Commonwealth Open 2019"]
[Site "Delhi"]
[Date "2019.07.01"]
[Round "3.10"]
[White "Lalith, Babu M R"]
[Black "Kulkarni, Bhakti"]
[Result "1/2-1/2"]
[ECO "D31"]
[WhiteElo "2571"]
[BlackElo "2380"]
[Annotator "ChessBase"]
[PlyCount "66"]
[EventDate "2019.06.30"]
[EventType "swiss"]
[EventCountry "IND"]
[SourceTitle "playchess.com"]
[Source "ChessBase"]
[SourceQuality "1"]
[TimeControl "5400+30"]

1. c4 e6 2. Nc3 d5 3. d4 Be7 4. cxd5 exd5 5. Bf4 Nf6 6. e3 O-O 7. Bd3 c5 8. Nge2 Nc6 9. Bb5 c4 10. O-O Nb4 11. Ba4 a6 12. Be5 b5 13. a3 Nd3 14. Bc2 Nxb2 15. Qb1 Nd3 16. Bxf6 Bxf6 17. Bxd3 cxd3 18. Nf4 Bg5 19. Nfxd5 Bb7 20. Nb4 Qc8 21. Rc1 d2 22. Rc2 a5 23. Nd3 Qg4 24. Qf1 b4 25. Nd1 bxa3 26. h3 Qe4 27. Rxd2 Be7 28. Nc3 Qc6 29. Nb1 Bb4 30. Rda2 Ba6 31. Qd1 Bb7 32. Qf1 Ba6 33. Qd1 Bb7 1/2-1/2

[Event "Commonwealth Open 2019"]
[Site "Delhi"]
[Date "2019.07.01"]
[Round "3.11"]
[White "Debashis, Das"]
[Black "Oatlhotse, Providence"]
[Result "1-0"]
[ECO "B90"]
[WhiteElo "2544"]
[BlackElo "2244"]
[Annotator "ChessBase"]
[PlyCount "75"]
[EventDate "2019.06.30"]
[EventType "swiss"]
[EventCountry "IND"]
[SourceTitle "playchess.com"]
[Source "ChessBase"]
[SourceQuality "1"]
[TimeControl "5400+30"]

1. e4 c5 2. Nf3 d6 3. d4 cxd4 4. Nxd4 Nf6 5. Nc3 a6 6. Be3 e5 7. Nb3 Be6 8. f3 h5 9. Qd2 Nbd7 10. O-O-O Qc7 11. Kb1 Be7 12. h3 h4 13. f4 O-O 14. f5 Bc4 15. g4 hxg3 16. Rg1 Bxf1 17. Rdxf1 Qc4 18. Bh6 Nh5 19. Qd1 Ndf6 20. Bg5 Rfd8 21. Nd2 Qc5 22. Bxf6 Nxf6 23. Rxg3 d5 24. Rfg1 Bf8 25. exd5 Nxd5 26. Nce4 Qe7 27. Qf3 f6 28. Rg6 b5 29. h4 Rac8 30. h5 Qc7 31. Qb3 Kh7 32. h6 Qxc2+ 33. Qxc2 Rxc2 34. hxg7 Bxg7 35. Rxg7+ Kh8 36. Kxc2 Ne3+ 37. Kb1 Nxf5 38. R7g6 1-0

[Event "Commonwealth Open 2019"]
[Site "Delhi"]
[Date "2019.07.01"]
[Round "3.12"]
[White "Shyaamnikhil, P."]
[Black "Jubin Jimmy"]
[Result "1-0"]
[ECO "B15"]
[WhiteElo "2434"]
[BlackElo "2219"]
[Annotator "NA"]
[PlyCount "161"]
[EventDate "2019.06.30"]
[EventType "swiss"]
[EventCountry "IND"]
[SourceTitle "playchess.com"]
[Source "ChessBase"]
[SourceQuality "1"]
[TimeControl "5400+30"]

1. e4 c6 2. d4 d5 3. Nd2 dxe4 4. Nxe4 g6 5. Nf3 Bg7 6. h3 Nf6 7. Nxf6+ exf6 8. Bc4 O-O 9. O-O a5 {[%emt 0:00:10] B15: Caro-Kann: 3 Nc3: 3...g6 and 3...dxe4 4 Nxe4 Nf6 5 Nxf6+ exf6} 10. a4 Na6 11. Re1 Nc7 12. Bf4 Nd5 13. Bh2 Be6 14. Bb3 Re8 15. Nd2 f5 16. Nc4 {[%emt 0:02:32] [#]} Bf8 $146 ({Predecessor:} 16... f4 17. c3 {0-1 (42) Lu,S (2630)-Wei,Y (2734) Tianjin 2018}) 17. Ne5 Nf6 18. c3 Qb6 19. Bxe6 Rxe6 20. Qc2 Rae8 21. Nd3 Nd5 22. Rxe6 Rxe6 23. Rd1 Re8 24. Be5 h5 $11 25. Bf4 Re4 26. Bd2 Qa6 27. Re1 Rxe1+ 28. Bxe1 b5 29. axb5 cxb5 30. Qb3 b4 31. cxb4 axb4 32. Bd2 Qe6 33. Nc5 Bxc5 34. dxc5 Qe4 35. c6 h4 36. c7 Nxc7 37. Qxb4 Qd5 38. Bc3 Nb5 39. Qxh4 Nxc3 40. bxc3 Qd1+ 41. Kh2 Qd6+ 42. g3 Qb6 43. Qd4 Qb2 44. h4 Kh7 45. Qc5 Qd2 46. Kg2 Qe2 47. Qd5 Kg8 48. Qd4 Qb2 49. Qd8+ Kg7 50. Qd3 Qb7+ 51. Kh2 Qb2 52. Qe3 Qc2 53. Qd4+ Kh7 54. c4 Kg8 55. c5 f4 56. gxf4 Kh7 57. Kg2 Qe2 58. Qe3 Qc2 59. Qe5 Qd1 60. Qg5 Qd3 61. h5 Qe4+ 62. Kh2 Qc2 63. hxg6+ fxg6 64. Qe7+ Kg8 65. Kg3 Qd3+ 66. Qe3 Qd1 67. Qf3 Qg1+ 68. Qg2 Qc1 69. Qd5+ Kg7 70. Qd4+ Kh7 71. Kg2 Qc2 72. Qd7+ Kh6 73. c6 Qe4+ 74. Kg3 Qe1 75. Qd5 Qg1+ 76. Qg2 Qc1 77. Qf3 Qg1+ 78. Kh3 Qc1 79. Kg2 Qc4 80. Qh3+ Kg7 81. Qd7+ 1-0

[Event "Commonwealth Open 2019"]
[Site "Delhi"]
[Date "2019.07.01"]
[Round "3.13"]
[White "Joshi, Govind Ballabh"]
[Black "Divya, Deshmukh"]
[Result "1/2-1/2"]
[ECO "B52"]
[WhiteElo "2101"]
[BlackElo "2414"]
[Annotator "NA"]
[PlyCount "128"]
[EventDate "2019.06.30"]
[EventType "swiss"]
[EventCountry "IND"]
[SourceTitle "playchess.com"]
[Source "ChessBase"]
[SourceQuality "1"]
[TimeControl "5400+30"]

1. e4 c5 2. Nf3 d6 3. Bb5+ Bd7 4. Bxd7+ Qxd7 5. c4 g6 6. Nc3 Bg7 7. d4 cxd4 8. Nxd4 Nf6 9. b3 Nc6 10. Bb2 O-O 11. O-O Rfd8 12. Re1 Nxd4 13. Qxd4 Ng4 14. Qd2 Ne5 15. h3 Rac8 16. Rad1 Qe8 17. f4 Nc6 18. Nd5 $14 Qf8 19. Re2 e6 20. Ne3 a6 21. Bxg7 Qxg7 22. Qb2 e5 23. f5 Nd4 24. Rf2 Kh8 25. Rdf1 g5 26. f6 Qg6 27. Nf5 Nxf5 28. Rxf5 b5 29. Qd2 h6 30. Rc1 Kh7 31. cxb5 Rxc1+ 32. Qxc1 axb5 33. Qc6 g4 34. hxg4 Qxg4 35. Qd5 Kg6 36. Rf3 Rc8 37. Qd2 Qg5 38. Qf2 Kh7 39. Rd3 Rc1+ 40. Kh2 b4 41. Qf5+ Qxf5 42. exf5 Rf1 43. Rxd6 Rxf5 44. Rd5 Kg6 45. Rb5 Rf4 46. Rxe5 Kxf6 47. Rb5 Rd4 48. Kg3 Kg6 49. Kf3 f5 50. Ke3 Re4+ 51. Kf3 Kg5 52. Rc5 Rf4+ 53. Kg3 h5 54. Rc4 h4+ 55. Kh3 Rg4 56. Rc8 Rg3+ 57. Kh2 Re3 58. Rg8+ Kf4 59. Rh8 Kg5 60. Rg8+ Kf6 61. Rh8 Re4 62. Kh3 Kg5 63. Rg8+ Kh5 64. Rh8+ Kg5 1/2-1/2

[Event "Commonwealth Open 2019"]
[Site "Delhi"]
[Date "2019.07.01"]
[Round "3.14"]
[White "Kumar, Gaurav"]
[Black "Tania, Sachdev"]
[Result "0-1"]
[ECO "C45"]
[WhiteElo "2110"]
[BlackElo "2401"]
[Annotator "NA"]
[PlyCount "126"]
[EventDate "2019.06.30"]
[EventType "swiss"]
[EventCountry "IND"]
[SourceTitle "playchess.com"]
[Source "ChessBase"]
[SourceQuality "1"]
[TimeControl "5400+30"]

1. e4 e5 2. Nf3 Nc6 3. d4 exd4 4. Nxd4 Nf6 5. Nxc6 bxc6 6. e5 Qe7 7. Qe2 Nd5 8. c4 Ba6 9. Nd2 O-O-O 10. Qe4 Nb6 {[%emt 0:01:55] C45: Scotch Game} 11. c5 Bxf1 12. cxb6 Ba6 13. bxc7 (13. bxa7 Kb7 14. Nb3 f6 15. Be3 Qb4+ 16. Qxb4+ Bxb4+ 17. Kd1 fxe5 18. a3 {0-1 (38) Plat,V (2458)-Zilka,S (2508) Olomouc 2015}) 13... Kxc7 $146 ({Predecessor:} 13... Re8 14. f4 Qb4 15. Qxb4 Bxb4 16. a3 Ba5 17. Kf2 f6 18. Ne4 Bxc7 19. Nc5 Bc4 20. exf6 Bb6 21. Be3 d6 22. fxg7 Rhg8 23. Rac1 Bd5 {0-1 (23) Moyano Morales,F-Fernandez Aguado,J Barcelona 1984}) 14. Nf3 Rb8 15. Qd4 Qb4+ 16. Qxb4 Bxb4+ 17. Kd1 Bc5 18. Kc2 Bxf2 19. Bf4 (19. Rd1 $17) 19... Rb4 20. Bd2 Rg4 21. g3 $19 Re4 22. Bf4 Re2+ 23. Kc3 Kd8 24. Rad1 c5 25. Rd2 Rxd2 26. Kxd2 Ke7 27. Be3 Rb8 28. b3 Bxe3+ 29. Kxe3 Bb7 30. Rc1 Bxf3 31. Kxf3 Rb5 32. Rc3 Ke6 33. a4 Rb4 34. Rxc5 Rxb3+ 35. Kg2 Rb2+ 36. Kg1 Rd2 37. Ra5 g5 38. Rxa7 Kxe5 39. Ra5+ Rd5 40. Ra8 Ke4 41. Rb8 Rd1+ 42. Kf2 Rd2+ 43. Kg1 d5 44. Rb1 d4 45. Re1+ Kd5 46. Rf1 Ra2 47. Rxf7 d3 48. Kf1 Rxh2 49. Ke1 Ke4 50. Re7+ Kf3 51. Rd7 Ke3 52. Re7+ Kf3 53. Rd7 d2+ 54. Kd1 Kxg3 55. Rxd2 Rh1+ 56. Kc2 h5 57. Kb2 h4 58. a5 h3 59. a6 h2 60. Rd3+ Kg4 61. Rd4+ Kh5 62. Rd8 Rb1+ 63. Ka2 h1=Q 0-1

[Event "Commonwealth Open 2019"]
[Site "Delhi"]
[Date "2019.07.01"]
[Round "3.15"]
[White "Narayanan.S.L"]
[Black "Parthasarathy, R."]
[Result "1-0"]
[ECO "E71"]
[WhiteElo "2603"]
[BlackElo "1988"]
[Annotator "ChessBase"]
[PlyCount "81"]
[EventDate "2019.06.30"]
[EventType "swiss"]
[EventCountry "IND"]
[SourceTitle "playchess.com"]
[Source "ChessBase"]
[SourceQuality "1"]
[TimeControl "5400+30"]

1. d4 Nf6 2. c4 g6 3. Nc3 Bg7 4. e4 d6 5. h3 O-O 6. Be3 e5 7. d5 Na6 8. Nf3 Nc5 9. Nd2 a5 10. g4 c6 11. Be2 Bd7 12. g5 Ne8 13. h4 a4 14. h5 Qa5 15. a3 f5 16. hxg6 hxg6 17. Qc2 Nc7 18. Bxc5 Qxc5 19. Nxa4 Qd4 20. Nc3 cxd5 21. cxd5 Rac8 22. Qd3 Qxf2+ 23. Kxf2 fxe4+ 24. Ke3 exd3 25. Bxd3 e4 26. Ndxe4 Rce8 27. Kd2 Bxc3+ 28. Kxc3 Nxd5+ 29. Kd4 Re5 30. Rh6 Ne7 31. Nf6+ Rxf6 32. gxf6 Nf5+ 33. Bxf5 Bxf5 34. b4 b5 35. Rc1 Kf7 36. Rc6 Re4+ 37. Kd5 Kxf6 38. Rxd6+ Kg5 39. Rdxg6+ Kf4 40. Rh4+ Ke3 41. Rg3+ 1-0

[Event "Commonwealth Open 2019"]
[Site "Delhi"]
[Date "2019.07.01"]
[Round "3.16"]
[White "Arya, Bhakta"]
[Black "Deepan, Chakkravarthy J."]
[Result "0-1"]
[ECO "D00"]
[WhiteElo "2050"]
[BlackElo "2557"]
[Annotator "ChessBase"]
[PlyCount "80"]
[EventDate "2019.06.30"]
[EventType "swiss"]
[EventCountry "IND"]
[SourceTitle "playchess.com"]
[Source "ChessBase"]
[SourceQuality "1"]
[TimeControl "5400+30"]

1. d4 d5 2. Bf4 Nf6 3. e3 Bg4 4. f3 Bc8 5. c4 e6 6. Nc3 Be7 7. Bd3 O-O 8. Nge2 c5 9. O-O Nc6 10. cxd5 exd5 11. Kh1 Be6 12. dxc5 Bxc5 13. Nb5 Qe7 14. a3 Nh5 15. b4 Nxf4 16. exf4 Bb6 17. f5 Bd7 18. Ng3 Rad8 19. f4 Bc8 20. Qh5 Qf6 21. Qg4 Kh8 22. Nh5 Qh6 23. Rf3 a6 24. Nc3 Bd4 25. Rc1 g6 26. Rh3 gxh5 27. Rxh5 Qg7 28. Rg5 Qf6 29. Ne2 Rg8 30. Qh5 Be3 31. Rg6 Rg7 32. Rxg7 Rf8 33. Rg8+ Rxg8 34. Rf1 Ne7 35. g4 d4 36. Be4 Bd7 37. g5 Bc6 38. gxf6 Bxe4+ 39. Rf3 Nd5 40. h3 Nxf6 0-1

[Event "Commonwealth Open 2019"]
[Site "Delhi"]
[Date "2019.07.01"]
[Round "3.17"]
[White "Iniyan, P."]
[Black "Meenal, Gupta"]
[Result "1-0"]
[ECO "B90"]
[WhiteElo "2525"]
[BlackElo "1958"]
[Annotator "ChessBase"]
[PlyCount "53"]
[EventDate "2019.06.30"]
[EventType "swiss"]
[EventCountry "IND"]
[SourceTitle "playchess.com"]
[Source "ChessBase"]
[SourceQuality "1"]
[TimeControl "5400+30"]

1. e4 c5 2. Nf3 d6 3. d4 cxd4 4. Nxd4 Nf6 5. Nc3 a6 6. Nb3 b5 7. g4 Bb7 8. Bg2 e6 9. g5 Nfd7 10. f4 Nc6 11. h4 Rc8 12. a3 Nc5 13. Nd4 Qb6 14. Nxc6 Bxc6 15. Qd4 Na4 16. Qxb6 Nxb6 17. b3 f5 18. gxf6 gxf6 19. Bh3 Bb7 20. Bb2 Ke7 21. O-O-O Bh6 22. Rhf1 Rhg8 23. Kb1 Rxc3 24. Bxc3 Bxe4 25. Bb4 Nd5 26. Rfe1 f5 27. Bxf5 1-0

[Event "Commonwealth Open 2019"]
[Site "Delhi"]
[Date "2019.07.01"]
[Round "3.18"]
[White "Anilkumar, O.T."]
[Black "Swayams, Mishra"]
[Result "0-1"]
[ECO "C55"]
[WhiteElo "1989"]
[BlackElo "2493"]
[Annotator "ChessBase"]
[PlyCount "126"]
[EventDate "2019.06.30"]
[EventType "swiss"]
[EventCountry "IND"]
[SourceTitle "playchess.com"]
[Source "ChessBase"]
[SourceQuality "1"]
[TimeControl "5400+30"]

1. e4 e5 2. Nf3 Nc6 3. Bc4 Nf6 4. d3 Be7 5. O-O O-O 6. c3 d5 7. exd5 Nxd5 8. h3 Kh8 9. Re1 f6 10. d4 Nb6 11. Bb5 exd4 12. cxd4 Nb4 13. Nc3 c6 14. Bf1 Bf5 15. a3 N4d5 16. Nh4 Bd7 17. Bd3 f5 18. Nf3 Bf6 19. Ne5 Bxe5 20. dxe5 Be6 21. Ne2 Qh4 22. f4 Rad8 23. Rf1 c5 24. b3 a5 25. Qc2 Qe7 26. Bb5 Nc7 27. Bc4 Nbd5 28. Bd2 b6 29. Rad1 Bc8 30. Nc3 Bb7 31. Nxd5 Nxd5 32. Bc1 Bc6 33. Kh2 h6 34. Rd3 b5 35. Bxd5 Bxd5 36. Rc3 Be4 37. Qf2 c4 38. bxc4 bxc4 39. Be3 Rc8 40. Bb6 a4 41. Ba5 Qe6 42. Rd1 Bd3 43. Qd4 Rc6 44. Bb4 Rfc8 45. Rd2 Kh7 46. Bd6 Ra6 47. Rb2 Ra5 48. Rb7 Qd5 49. Qxd5 Rxd5 50. Ra7 Rd4 51. Rxa4 Re4 52. Rb4 Re8 53. h4 Kg6 54. Bc5 Kh5 55. Kh3 Rxf4 56. g3 Re4 57. Rb2 R8xe5 58. Bd6 Re6 59. Bf4 g5 60. hxg5 hxg5 61. Bc1 Re2 62. Rxe2 Rxe2 63. a4 g4# 0-1

[Event "Commonwealth Open 2019"]
[Site "Delhi"]
[Date "2019.07.01"]
[Round "3.19"]
[White "Saurabh, Anand"]
[Black "Sa, Kannan"]
[Result "0-1"]
[ECO "C00"]
[WhiteElo "2351"]
[BlackElo "1947"]
[Annotator "NA"]
[PlyCount "49"]
[EventDate "2019.06.30"]
[EventType "swiss"]
[EventCountry "IND"]
[SourceTitle "playchess.com"]
[Source "ChessBase"]
[SourceQuality "1"]
[TimeControl "5400+30"]

1. e4 e6 2. d4 b6 3. Nf3 Bb7 4. Bd3 Nf6 5. Qe2 c5 6. c3 cxd4 7. cxd4 Nc6 8. a3 d5 9. e5 Ne4 10. O-O Be7 11. Bxe4 dxe4 12. Qxe4 Qd7 13. Nc3 O-O-O 14. Rd1 g5 (14... Kb8 $14) 15. d5 ({But not} 15. Bxg5 $6 Bxg5 16. Nxg5 Nxd4 $14) 15... Na5 16. Qc2 $16 ({Much less strong is} 16. Nxg5 $6 exd5) (16. Bxg5 $18 Bxg5 17. Nxg5) 16... exd5 17. Nxg5 Qc6 18. Qf5+ Kb8 19. Ne2 d4 20. Nf3 Nb3 21. Rb1 d3 22. Nf4 Rhg8 23. Kf1 d2 24. Nxd2 Rxg2 25. Ke2 0-1

[Event "Commonwealth Open 2019"]
[Site "Delhi"]
[Date "2019.07.01"]
[Round "3.20"]
[White "Sanskriti, Goyal"]
[Black "Navalgund, Niranjan"]
[Result "0-1"]
[ECO "A50"]
[WhiteElo "1951"]
[BlackElo "2326"]
[Annotator "NA"]
[PlyCount "50"]
[EventDate "2019.06.30"]
[EventType "swiss"]
[EventCountry "IND"]
[SourceTitle "playchess.com"]
[Source "ChessBase"]
[SourceQuality "1"]
[TimeControl "5400+30"]

1. d4 Nf6 2. c4 Nc6 3. Nc3 e5 4. d5 Ne7 5. Nf3 Ng6 6. e3 Bc5 7. Bd3 d6 8. a3 a6 9. O-O Ba7 10. h3 Qe7 11. Bc2 O-O 12. b4 Ne8 13. Ne2 f5 14. Kh1 Kh8 15. a4 c6 16. a5 cxd5 17. cxd5 Nc7 18. Bb2 e4 19. Ne1 f4 20. exf4 Nxf4 21. Bb3 Nxh3 22. gxh3 Qh4 23. Bd4 Qxh3+ 24. Kg1 Bg4 25. f4 Bxe2 0-1

[Event "Commonwealth Open 2019"]
[Site "Delhi"]
[Date "2019.07.01"]
[Round "3.21"]
[White "Wagh, Suyog"]
[Black "Ashwin, Hariharan"]
[Result "1-0"]
[ECO "A27"]
[WhiteElo "2250"]
[BlackElo "1882"]
[Annotator "NA"]
[PlyCount "85"]
[EventDate "2019.06.30"]
[EventType "swiss"]
[EventCountry "IND"]
[SourceTitle "playchess.com"]
[Source "ChessBase"]
[SourceQuality "1"]
[TimeControl "5400+30"]

1. c4 e5 2. Nc3 Nc6 3. Nf3 Bb4 4. Qc2 a5 5. e3 d6 6. Be2 Nge7 7. O-O Bf5 8. d3 O-O 9. b3 Bg6 10. Bb2 d5 11. cxd5 Nxd5 12. Nxd5 Qxd5 13. Nh4 Rfd8 14. Nxg6 hxg6 15. a3 Be7 16. Rac1 Qe6 17. Rfd1 Bf6 18. Bf3 Ra6 19. Rb1 Rb6 20. Bc3 Be7 21. d4 exd4 22. exd4 Rb5 23. d5 Rbxd5 24. Bxd5 Rxd5 25. Rxd5 Qxd5 26. Bb2 Bd6 27. Re1 Ne5 28. Rd1 Qe6 29. h3 b6 30. Qe2 Qf5 31. Bxe5 Bxe5 32. a4 Bd6 33. Rd3 Qf4 34. g3 Qf5 35. Kg2 g5 36. Qe8+ Bf8 37. Rd8 Qc5 38. Qd7 Qb4 39. Qxc7 Qe4+ 40. Kh2 g4 41. Qd6 Qf3 42. Rxf8+ Kh7 43. Qf4 1-0

[Event "Commonwealth Open 2019"]
[Site "Delhi"]
[Date "2019.07.01"]
[Round "3.22"]
[White "Sanjeet, Manohar"]
[Black "Bhambure, Shantanu"]
[Result "0-1"]
[ECO "A05"]
[WhiteElo "1905"]
[BlackElo "2248"]
[Annotator "NA"]
[PlyCount "74"]
[EventDate "2019.06.30"]
[EventType "swiss"]
[EventCountry "IND"]
[SourceTitle "playchess.com"]
[Source "ChessBase"]
[SourceQuality "1"]
[TimeControl "5400+30"]

1. Nf3 Nf6 2. g3 b5 3. Bg2 Bb7 4. O-O e6 5. d4 c5 6. a4 b4 7. Nbd2 d5 8. c4 Nbd7 9. a5 Rc8 10. Re1 cxd4 11. Nxd4 Be7 12. cxd5 Nxd5 13. e4 N5f6 14. Nf1 O-O 15. e5 Nd5 16. Qg4 Kh8 17. Nf3 Nc5 18. Bg5 h6 19. Bxe7 Qxe7 20. Ne3 Nd3 21. Nxd5 Bxd5 22. Re2 Rc4 23. Qh5 Qc5 24. h4 Rc1+ 25. Rxc1 Qxc1+ 26. Kh2 Nxb2 27. Ng5 Bxg2 28. Kxg2 Kg8 29. Ne4 Nc4 30. Qg4 b3 31. Nf6+ Kh8 32. Nh5 Rg8 33. Re4 Nd2 34. Rf4 b2 35. Rxf7 b1=Q 36. Qxg7+ Rxg7 37. Rf8+ Rg8 0-1

[Event "Commonwealth Open 2019"]
[Site "Delhi"]
[Date "2019.07.01"]
[Round "3.23"]
[White "Savanth Krishnan R"]
[Black "Rosh Jain"]
[Result "1-0"]
[ECO "B20"]
[WhiteElo "1001"]
[BlackElo "1510"]
[Annotator "NA"]
[PlyCount "113"]
[EventDate "2019.06.30"]
[EventType "swiss"]
[EventCountry "IND"]
[SourceTitle "playchess.com"]
[Source "ChessBase"]
[SourceQuality "1"]
[TimeControl "5400+30"]

1. e4 c5 2. d3 e6 3. Nf3 Nc6 4. g3 d5 5. exd5 exd5 6. Nc3 Nf6 7. Bg2 Be7 8. O-O Be6 9. d4 O-O 10. Be3 c4 11. Ne2 Ng4 12. Bd2 b5 13. h3 Nf6 14. Nf4 Bd6 15. Nxe6 fxe6 16. Bg5 h6 17. Bxf6 Qxf6 18. c3 Rad8 19. Qc2 e5 20. Nxe5 Bxe5 21. dxe5 Nxe5 22. a4 Nd3 23. axb5 Qb6 24. b3 Rf5 25. bxc4 dxc4 26. Be4 Rg5 27. Kh2 Rxb5 28. Qa4 Rc8 29. Ra2 Rc7 30. Rd2 Nb2 31. Rxb2 a6 32. Rxb5 Qxb5 33. Qxb5 axb5 34. Rb1 Rc5 35. Kg2 Re5 36. Bc6 Kh8 37. Rxb5 Rxb5 38. Bxb5 g5 39. Bxc4 Kg7 40. Bd5 Kf6 41. c4 Ke5 42. Kf3 h5 43. Bf7 g4+ 44. hxg4 h4 45. gxh4 Kf6 46. Bd5 Ke5 47. h5 Kf6 48. c5 Ke5 49. h6 Kxd5 50. h7 Kxc5 51. h8=Q Kd5 52. g5 Ke6 53. g6 Ke7 54. g7 Kf7 55. g8=Q+ Ke7 56. Qe5+ Kd7 57. Qge8# 1-0

[Event "Commonwealth Open 2019"]
[Site "Delhi"]
[Date "2019.07.01"]
[Round "3.27"]
[White "Madhavansh Mittal"]
[Black "Ilamparthi A R"]
[Result "0-1"]
[ECO "E62"]
[WhiteElo "1283"]
[BlackElo "2036"]
[Annotator "NA"]
[PlyCount "60"]
[EventDate "2019.06.30"]
[EventType "swiss"]
[EventCountry "IND"]
[SourceTitle "playchess.com"]
[Source "ChessBase"]
[SourceQuality "1"]
[TimeControl "5400+30"]

1. d4 Nf6 2. c4 g6 3. g3 Bg7 4. Bg2 O-O 5. Nc3 d6 6. Nf3 Nc6 7. O-O e5 8. dxe5 dxe5 9. Bg5 Be6 10. Nd2 h6 11. Bxf6 Bxf6 12. Nd5 Bg7 13. e4 Nd4 14. Nb3 c6 15. Ne3 Qb6 16. Qd3 Rfd8 17. Nc2 Nxb3 18. Qxb3 Rd2 19. Rac1 Bf8 20. Qc3 Rad8 21. b3 f6 22. a3 R8d3 23. Qa1 Rxb3 24. Ne1 Rxa3 25. Qb1 Rb2 26. Qxb2 Qxb2 27. Rc2 Qb3 28. f4 Bc5+ 29. Kh1 Bxc4 30. Rf3 Qb1 0-1

[Event "Commonwealth Open 2019"]
[Site "Delhi"]
[Date "2019.07.01"]
[Round "3.28"]
[White "Bharadia Yash"]
[Black "Rupankar Kundu"]
[Result "1-0"]
[ECO "C74"]
[WhiteElo "1942"]
[BlackElo "1277"]
[Annotator "NA"]
[PlyCount "135"]
[EventDate "2019.06.30"]
[EventType "swiss"]
[EventCountry "IND"]
[SourceTitle "playchess.com"]
[Source "ChessBase"]
[SourceQuality "1"]
[TimeControl "5400+30"]

1. e4 e5 2. Nf3 Nc6 3. Bb5 a6 4. Ba4 d6 5. c3 Nf6 6. Bc2 Be7 7. O-O O-O 8. h3 b5 9. Re1 Bb7 10. a3 Nb8 11. d4 Nbd7 12. Nbd2 Re8 13. Nf1 Bf8 14. Ng3 g6 15. Bg5 Bg7 16. Qd2 Nb6 17. b3 Qd7 18. Rad1 Rad8 19. Bh6 Qe7 20. Bxg7 Kxg7 21. Qg5 Kf8 22. dxe5 dxe5 23. Rxd8 Rxd8 24. Nxe5 Re8 25. f4 Qc5+ 26. Kh2 Nbd7 27. Nxd7+ Nxd7 28. Qxc5+ Nxc5 29. Re2 Rd8 30. Nf1 Ke7 31. Kg3 Rd6 32. Kf2 Nd7 33. Rd2 Rc6 34. Rd3 Rf6 35. g3 Nc5 36. Re3 Re6 37. Nd2 Rd6 38. Ke2 Bc8 39. g4 Ne6 40. Rf3 Bb7 41. f5 Ng5 42. Re3 h6 43. e5 Rd8 44. h4 Nh7 45. fxg6 fxg6 46. Bxg6 Nf8 47. Bf5 Ne6 48. Bxe6 Kxe6 49. b4 Bd5 50. Kf2 Rf8+ 51. Kg3 c6 52. Nf3 h5 53. Nd4+ Ke7 54. gxh5 Rh8 55. Kg4 Rg8+ 56. Kf5 Rh8 57. Kg5 Rg8+ 58. Kh6 Rh8+ 59. Kg6 Bf7+ 60. Kg7 Rg8+ 61. Kh7 Rg4 62. Nxc6+ Kf8 63. e6 Bxh5 64. e7+ Ke8 65. Kh6 Rxh4 66. Kg5 Rh1 67. Rd3 Rd1 68. Rd8+ 1-0

[Event "Commonwealth Open 2019"]
[Site "Delhi"]
[Date "2019.07.01"]
[Round "3.29"]
[White "Reddy Rimitha R"]
[Black "Sneha Halder"]
[Result "0-1"]
[ECO "C01"]
[WhiteElo "1092"]
[BlackElo "1474"]
[Annotator "NA"]
[PlyCount "100"]
[EventDate "2019.06.30"]
[EventType "swiss"]
[EventCountry "IND"]
[SourceTitle "playchess.com"]
[Source "ChessBase"]
[SourceQuality "1"]
[TimeControl "5400+30"]

1. e4 e6 2. d4 d5 3. exd5 exd5 4. Nf3 Bd6 5. Nc3 c6 6. Be3 Ne7 7. Bd3 Bg4 8. h3 Bh5 9. Qe2 Bb4 10. Bd2 Nd7 11. a3 Bd6 12. Be3 Qb6 13. Na4 Qa5+ 14. Nc3 Nf6 15. Bd2 Qb6 16. Na4 Bxf3 17. Nxb6 Bxe2 18. Nxa8 Bxd3 19. cxd3 Kd7 20. Bg5 Nh5 21. O-O Rxa8 22. Rfe1 f6 23. Bd2 Nf4 24. Re3 Nf5 25. Ree1 Nxd3 26. Red1 Nxd4 27. Bc3 Ne2+ 28. Kf1 Nxc3 29. Rxd3 Ne4 30. Re1 Re8 31. Rde3 Bc5 32. R3e2 Bxf2 33. Rxf2 Ng3+ 34. Kg1 Rxe1+ 35. Kh2 Ne4 36. Rc2 d4 37. h4 d3 38. Rc4 c5 39. b4 d2 40. bxc5 d1=Q 41. Rxe4 Rxe4 42. c6+ Kc7 43. a4 Rxh4+ 44. Kg3 Qd4 45. Kf3 Qd2 46. cxb7 Kxb7 47. g3 Rxa4 48. g4 Qd3+ 49. Kf2 Ra2+ 50. Ke1 Qb1# 0-1

[Event "Commonwealth Open 2019"]
[Site "Delhi"]
[Date "2019.07.01"]
[Round "3.30"]
[White "Sanikommu Manasvi"]
[Black "Sananda R"]
[Result "1-0"]
[ECO "C56"]
[WhiteElo "1353"]
[BlackElo "1081"]
[Annotator "NA"]
[PlyCount "105"]
[EventDate "2019.06.30"]
[EventType "swiss"]
[EventCountry "IND"]
[SourceTitle "playchess.com"]
[Source "ChessBase"]
[SourceQuality "1"]
[TimeControl "5400+30"]

1. e4 e5 2. Nf3 Nc6 3. d4 exd4 4. Bc4 Nf6 5. O-O Nxe4 6. Re1 d5 7. Bxd5 Qxd5 8. Nc3 Qh5 9. Nxe4 Be6 10. Neg5 Qg6 11. Nxe6 fxe6 12. Qe2 O-O-O 13. Qxe6+ Qxe6 14. Rxe6 Bd6 15. Bg5 Rdf8 16. Bd2 h6 17. h3 g5 18. a3 Rf5 19. Rae1 Be7 20. b4 h5 21. Ne5 Bd6 22. Nxc6 bxc6 23. Re8+ Rxe8 24. Rxe8+ Kd7 25. Rh8 h4 26. Rh5 Be7 27. f4 c5 28. fxg5 c4 29. Rxh4 c5 30. Rg4 c3 31. Bc1 Rd5 32. g6 d3 33. cxd3 Bf6 34. g7 Bxg7 35. Rxg7+ Ke6 36. Rg6+ Kf7 37. Rg3 c4 38. Rf3+ Ke6 39. dxc4 Rd1+ 40. Rf1 Rd3 41. Kf2 c2 42. Re1+ Kd6 43. Ke2 Rg3 44. Bf4+ Kc6 45. Bxg3 a6 46. Kd2 c1=Q+ 47. Kxc1 a5 48. Re6+ Kd7 49. Rd6+ Ke7 50. c5 axb4 51. c6 Kf7 52. c7 Kg7 53. c8=Q {[%emt 0:00:41] Kh8 Qc7 Kg8 Rd8#} 1-0

[Event "Commonwealth Open 2019"]
[Site "Delhi"]
[Date "2019.07.02"]
[Round "4.1"]
[White "Gupta, Abhijeet"]
[Black "Aravindh, Chithambaram Vr."]
[Result "1-0"]
[ECO "E90"]
[WhiteElo "2606"]
[BlackElo "2598"]
[Annotator "RC"]
[PlyCount "119"]
[EventDate "2019.06.30"]
[EventType "swiss"]
[EventCountry "IND"]
[SourceTitle "playchess.com"]
[Source "ChessBase"]
[SourceQuality "1"]
[TimeControl "5400+30"]

1. d4 Nf6 2. c4 g6 3. Nc3 Bg7 4. e4 d6 5. Nf3 O-O 6. h3 e5 7. d5 Nh5 8. g3 a5 9. Be2 Na6 10. Bg5 f6 11. Be3 f5 12. exf5 gxf5 13. Bg5 Qe8 14. Nh4 Nf6 15. g4 Ne4 16. Nxe4 fxe4 17. Be3 Nb4 18. Rg1 Qe7 19. Nf5 Bxf5 20. gxf5 Rxf5 21. a3 Nd3+ 22. Bxd3 exd3 23. Qxd3 Raf8 24. O-O-O Kh8 25. Rg4 Qf6 26. Qd2 Rh5 27. Rdg1 Bh6 28. Kb1 Rxh3 29. Qxa5 b6 30. Qa7 Bxe3 31. fxe3 Qf7 32. Ka2 Rh2 33. Qa4 Rf2 34. Qd1 Rf1 35. Rxf1 Qxf1 36. Qxf1 Rxf1 37. Kb3 Rf2 38. Kc3 Re2 39. e4 Rh2 40. b3 h5 41. Rg5 Kh7 42. Kb4 Kh6 43. Rg8 Rb2 44. Kb5 Rxb3+ 45. Kc6 b5 46. cxb5 Rc3+ 47. Kd7 h4 48. a4 Rc5 49. b6 cxb6 50. Kxd6 h3 51. Rh8+ Kg5 52. Rxh3 Kf4 53. Rh4+ Kg5 54. Rh1 Kf4 55. Ke6 Ra5 56. d6 Rxa4 57. d7 Rd4 58. Rh4+ Kf3 59. Rh5 Kf4 60. Rf5+ 1-0